 Dungeon Crawl Stone Soup version 0.22.1-2-g9c5b331 (webtiles) character file.

93 MalarOregon the Changer (level 4, -7/33 HPs)
             Began as a Merfolk Transmuter on Nov 25, 2018.
             Mangled by an iguana (13 damage)
             ... on level 2 of the Dungeon.
             The game lasted 00:05:36 (2646 turns).

MalarOregon the Changer (Merfolk Transmuter)        Turns: 2646, Time: 00:05:37

Health: -7/33      AC:  8    Str: 10    XL:     4   Next: 61%
Magic:  2/7        EV: 13    Int: 13    God:
Gold:   65         SH:  0    Dex: 14    Spells: 1/7 levels left

rFire    + . .     SeeInvis .     - Unarmed
rCold    + . .     Gourm    .   (no shield)
rNeg     . . .     Faith    .   j - +2 leather armour
rPois    .         Spirit   .   b - +0 helmet
rElec    .         Reflect  .   f - +0 cloak
rCorr    .         Harm     .   k - +0 pair of gloves
MR       .....                  (no boots)
Stlth    +.........             (no amulet)
HPRegen  0.11/turn              i - ring of protection from fire
MPRegen  0.10/turn              o - ring of protection from cold

@: very slightly contaminated
A: change form in water, swift swim, stealthy swim
a: no special abilities


You were on level 2 of the Dungeon.
You were not hungry.

You visited 1 branch of the dungeon, and saw 3 of its levels.

You collected 65 gold pieces.

Inventory:

Missiles
 a - 56 arrows
 l - a throwing net (quivered) {!f}
Armour
 b - a +0 helmet (worn)
   (You found it on level 1 of the Dungeon)
 f - a +0 cloak (worn)
   (You found it on level 1 of the Dungeon)
 j - a +2 leather armour (worn)
   (You found it on level 1 of the Dungeon)
 k - a +0 pair of gloves (worn)
   (You found it on level 1 of the Dungeon)
Jewellery
 i - a ring of protection from fire (left hand)
   (You found it on level 1 of the Dungeon)
 o - a ring of protection from cold (right hand)
   (You found it on level 1 of the Dungeon)
Scrolls
 h - a scroll of identify {@r1}
 m - a scroll of remove curse {@r2}
 n - a scroll of immolation {unknown}
 p - a scroll of teleportation {@r4}
 s - a scroll of fear {unknown}
Potions
 c - 2 potions of magic {unknown}
 d - a potion of lignification {unknown}
 g - a potion of might
 q - 2 potions of haste {unknown}
 r - a potion of ambrosia {unknown}
Comestibles
 e - 3 rations {!d}


   Skills:
 + Level 2.0 Fighting
 + Level 3.3 Dodging
 * Level 4.0 Unarmed Combat
 + Level 2.3 Spellcasting
 * Level 4.0 Transmutations
 + Level 0.8 Poison Magic


You had one spell level left.
You knew the following spells:

 Your Spells              Type           Power        Failure   Level  Hunger
a - Beastly Appendage     Tmut           ##....       6%          1    #......
s - Sticks to Snakes      Tmut           ##......     10%         2    ###....
x - Spider Form           Tmut/Pois      #.........   36%         3    ###....

Your spell library contained the following spells:

 Spells                   Type           Power        Failure   Level  Hunger
 Ice Form                 Ice/Tmut       #.......     82%         4    #####..
 Blade Hands              Tmut           ##........   87%         5    ######.


Dungeon Overview and Level Annotations

Branches:
Dungeon (3/15)

Altars:


Message History

m - a scroll of remove curse {@r2} You butcher the rat corpse.
s - a chunk of flesh Eating a chunk of flesh.
You eat the chunk of flesh.
There is an open door here.
Done exploring.
Done exploring.
Done exploring.
Done exploring.
You can't go down here!
There is a stone staircase leading down here.
You climb downwards.
Found a scroll labeled IWYETT RIMU.
There is a stone staircase leading up here.
s - a scroll labeled IWYETT RIMU
There is a stone staircase leading up here.
A rat comes into view.
Found a scroll of enchant weapon.
A rat is nearby!
An iguana comes into view.
You hit the rat.
You kill the rat!
The iguana hisses angrily.
You see here a scroll of enchant weapon.
An iguana is nearby!
You hit the iguana but do no damage.
The iguana hisses menacingly.
The iguana bites you.
You barely miss the iguana. The iguana bites you!
You closely miss the iguana. The iguana misses you.
You barely miss the iguana.
A frilled lizard comes into view.
The iguana bites you but does no damage.
You miscast Spider Form.
You are very lightly contaminated with residual magic.
Your vision is briefly tinged with green.
The frilled lizard hisses angrily.
The iguana barely misses you.
You miscast Spider Form.
Nothing appears to happen.
The iguana bites you.
* * * LOW HITPOINT WARNING * * *
You see here a scroll of enchant weapon.
The iguana hisses menacingly.
There is a stone staircase leading up here.
The iguana bites you!
* * * LOW HITPOINT WARNING * * *
You climb upwards.
There is a stone staircase leading down here.
Unknown command.
The iguana bites you!
You die...

#......#.#.##...# #.......#
#.... #......#.#.##...#
#.......#######
#......#...##...#
#.............#
#.....(#######..#
#.......#####.# #......#
#..# #.......# #.# #......#
#..###.......# #.#
######.#######...#######'##
#.# #.........l># #.# #.# #
###########@# #.# #.# #
#.#######.# #.#
################.........#
#.#
.........................#
#.#
################.........#
#.# ....# #.........# #.#
....#######
#.........######.#
....##....#
#.#####.#.#......#
....##....# #.#
#.#.#.######


You could see an iguana.

Vanquished Creatures
  Jessica (D:2)
  An adder (D:2)
  2 worms (D:2)
  2 dart slugs (D:2)
  2 giant cockroaches
  5 goblins
  7 hobgoblins
  6 jackals (D:1)
  7 bats
  5 frilled lizards
  2 kobolds (D:2)
  8 rats
  A plant (D:1)
49 creatures vanquished.

Notes
Turn   | Place    | Note
-------+----------+-------------------------------------------
     0 | D:1      | MalarOregon the Merfolk Transmuter began the quest for the
                  | Orb.
     0 | D:1      | Reached XP level 1. HP: 15/15 MP: 3/3
    60 | D:1      | Reached XP level 2. HP: 16/21 MP: 5/5
   207 | D:1      | Learned a level 2 spell: Sticks to Snakes
   654 | D:1      | Reached XP level 3. HP: 19/26 MP: 6/6
  1130 | D:2      | Learned a level 3 spell: Spider Form
  1153 | D:2      | HP: 1/26 [worm (10)]
  2007 | D:2      | Reached XP level 4. HP: 19/33 MP: 7/7
  2354 | D:2      | Noticed Jessica
  2360 | D:2      | Killed Jessica
  2646 | D:2      | Mangled by an iguana

Skill      XL: |  1  2  3  4 |
---------------+-------------+-----
Transmutations | 3 4 |  4.0
Dodging        | 3 |  3.3
Fighting       | 2 |  2.0
Unarmed Combat | 4 |  4.0
Spellcasting   | |  2.3
Poison Magic   | |  0.8

Action                   |  1- 3 |  4- 6 || total
-------------------------+-------+-------++-------
Melee: Unarmed           |   249 |    19 ||   268
       Headbutt          |     4 |       ||     4
       Punch             |     8 |     1 ||     9
 Cast: Beastly Appendage |    10 |       ||    10
       Spider Form       |     1 |     1 ||     2
  Use: Scroll            |     6 |       ||     6
  Eat: Chunk             |     5 |     2 ||     7
Armor: Robe              |    10 |       ||    10
       Leather armour    |    34 |     3 ||    37
Dodge: Dodged            |   117 |    11 ||   128
